 Dungeon Crawl Stone Soup version 0.16.1-18-g436b03c (webtiles) character file.

5992 Lathuz the Cleaver (level 10, -2/90 HPs)
             Began as a Minotaur Berserker on Apr 27, 2015.
             Was a High Priest of Trog.
             Slain by a tentacled starspawn (13 damage)
             ... on level 1 of the Abyss on Apr 28, 2015.
             The game lasted 00:52:03 (9424 turns).

Lathuz the Cleaver (Minotaur Berserker)             Turns: 9424, Time: 00:52:04

Health: -2/90      AC: 15    Str: 22    XL:     10   Next: 55%
Magic:  4/4        EV:  8    Int:  4    God:    Trog [*****.]
Gold:   84         SH:  0    Dex: 13    Spells: 0 memorised, 9 levels left

rFire  . . .     SeeInvis .     S - +5 executioner's axe (antimagic)
rCold  . . .     Clarity  +     O - +0 plate armour
rNeg   . . .     SustAb   .     (no shield)
rPois  .         Gourm    .     (helmet restricted)
rElec  .         Spirit   .     (no cloak)
rCorr  .         Warding  .     h - +0 pair of gloves
rMut   .         Stasis   .     (no boots)
MR     .....                    o - amulet of clarity
Stlth  ..........               (no ring)
                                m - ring of teleport control

@: not resistant to hostile enchantments, extremely unstealthy
A: retaliatory headbutt, horns 2
a: Burn Spellbooks, Berserk, Trog's Hand, Brothers in Arms, Renounce Religion,
Evoke Teleport Control


You were on level 1 of the Abyss.
You worshipped Trog.
Trog was extremely pleased with you.
You were not hungry.

You visited 1 branch of the dungeon, and saw 8 of its levels.
You visited the Abyss 1 time.

You collected 302 gold pieces.
You spent 218 gold pieces at shops.

Inventory:

Hand weapons
 a - a +1 hand axe
 S - a +5 antimagic executioner's axe (weapon)
Armour
 g - a +0 chain mail
 h - a +0 pair of gloves (worn)
 O - a +0 plate armour (worn)
Jewellery
 m - a ring of teleport control (left hand)
 o - an amulet of clarity (around neck)
 I - an uncursed ring of flight
Magical devices
 v - a wand of disintegration (4)
 z - a wand of slowing (11)
 L - a wand of magic darts (9)
 M - a wand of hasting (6)
 N - a wand of lightning (2)
Scrolls
 d - a scroll of fear {unknown}
 i - 2 scrolls of fog {unknown}
 k - a scroll of blinking
 s - a scroll of random uselessness {unknown}
 t - a scroll of noise
 w - a scroll of amnesia {unknown}
 y - a scroll of immolation {unknown}
 A - 2 scrolls of teleportation {unknown}
 E - a scroll of magic mapping {unknown}
 F - a scroll of enchant armour {unknown}
 G - 2 scrolls of recharging {unknown}
Potions
 b - 3 potions of ambrosia {unknown}
 e - a potion of magic {unknown}
 j - a potion of mutation {unknown}
 l - 3 potions of curing
 n - a potion of restore abilities {unknown}
 q - a potion of heal wounds {unknown}
 u - a potion of brilliance {unknown}
 x - 2 potions of lignification
 C - 2 potions of invisibility {unknown}
 H - a potion of beneficial mutation {unknown}
 J - 3 potions of haste {unknown}
 K - a potion of flight {unknown}
 R - a potion of poison {unknown}
Books
 f - a book of Envenomations

   Spells                             Type                      Level
   a - Spider Form                    Transmutation/Poison         3
   b - Alistair's Intoxication        Transmutation/Poison         4
   c - Olgreb's Toxic Radiance        Poison                       4
   d - Poisonous Cloud                Conjuration/Poison/Air       6
   Trog disapproves of the use of such an item.
Comestibles
 c - 3 bread rations
 p - 4 fruits
 D - a royal jelly


   Skills:
 + Level 8.5 Fighting
 - Level 13.2 Axes
 + Level 9.0 Armour
 - Level 4.1 Dodging
 - Level 5.2 Evocations


You had 9 spell levels left.
You didn't know any spells.

Dungeon Overview and Level Annotations

Branches:
Dungeon (8/15)             Temple (0/1) D:5
   Lair: D:8-11

Altars:
Cheibriados
The Shining One

Shops:
D:4 =   D:8 (


Innate Abilities, Weirdness & Mutations

You reflexively headbutt those who attack you in melee.
You have a pair of horns on your head.


Message History

* * * LOW HITPOINT WARNING * * *
A Hell Sentinel comes into view.
You are too injured to fight recklessly!
You are too injured to fight recklessly!
You are too injured to fight recklessly!
The Hell Sentinel roars!
You chop the tentacled starspawn into pieces!!!
The tentacled starspawn is severely damaged.
The tentacled starspawn bites you!
* * * LOW HITPOINT WARNING * * *
The tentacled starspawn closely misses you.
Your plate armour prevents you from hitting the tentacled starspawn.
The tentacled starspawn is severely damaged.
The tentacled starspawn bites you but does no damage.
The tentacled starspawn engulfs you but does no damage.
You hit the tentacled starspawn but do no damage.
You headbutt the tentacled starspawn.
The tentacled starspawn is severely damaged.
The tentacled starspawn bites you!
You die...

. ... ..? . .. ..#
##.## #.## .
##...###...##
...#.....#.....#
..........Xw......
#..1.@# ##...##
##.## ..# .#. . #.
. #


You could see a Hell Sentinel, a tentacled starspawn and a starspawn tentacle.

Vanquished Creatures
  Pikel (D:7)
  An apocalypse crab (Abyss:1)
  2 large abominations (Abyss:1)
  The ghost of Thomus the Chopper, an average HOFi (D:4)
  An ancient zyme (Abyss:1)
  Grinder (D:4)
  Prince Ribbit (D:4)
  A ynoxinul (Abyss:1)
  Eustachio (D:7)
  A hippogriff (D:5)
  Menkaure (D:6)
  3 orc warriors (D:8)
  2 slaves (D:7)
  A black bear (D:6)
  4 centaurs
  4 sky beasts
  3 ice beasts
  Duvessa (D:8)
  A small abomination (Abyss:1)
  A big kobold (D:5)
  5 giant frogs
  A wyvern skeleton (D:8)
  A quasit (Abyss:1)
  Dowan (D:8)
  2 goliath beetles (D:6)
  4 crimson imps
  5 orc priests
  6 hounds
  A centaur skeleton (D:6)
  2 jellies (D:7)
  6 orc wizards
  4 worker ants
  Ijyb (D:2)
  A hound zombie (D:5)
  10 gnolls
  9 adders
  3 shadow imps
  4 worms
  4 giant geckos
  3 oozes
  15 orcs
  5 ball pythons
  13 bats
  9 giant cockroaches
  10 goblins
  10 hobgoblins
  14 jackals
  5 quokkas
  4 giant newts
  12 kobolds
  A quokka skeleton (D:6)
  15 rats
218 creatures vanquished.

Vanquished Creatures (others)
  A two-headed ogre (D:8)
  A giant mite (D:7)
  6 starspawn tentacle segments (Abyss:1)
8 creatures vanquished.

Grand Total: 226 creatures vanquished

Notes
Turn   | Place    | Note
--------------------------------------------------------------
     0 | D:1      | Lathuz, the Minotaur Berserker, began the quest for the Orb.
     0 | D:1      | Reached XP level 1. HP: 19/19 MP: 1/1
    86 | D:1      | Reached skill level 4 in Axes
   121 | D:1      | Reached XP level 2. HP: 26/26 MP: 1/1
   139 | D:1      | Acquired Trog's second power
   627 | D:1      | You fall through a shaft!
   638 | D:2      | Reached skill level 5 in Axes
   660 | D:2      | Noticed Ijyb
   675 | D:2      | Killed Ijyb
   675 | D:2      | Reached XP level 3. HP: 23/31 MP: 2/2
   859 | D:2      | Reached XP level 4. HP: 36/39 MP: 2/2
   879 | D:2      | Reached skill level 6 in Axes
  1321 | D:3      | Noticed a centaur
  1341 | D:3      | Killed a centaur
  1341 | D:3      | Reached skill level 7 in Axes
  1341 | D:3      | Reached XP level 5. HP: 10/45 MP: 2/2
  2354 | D:3      | Reached skill level 8 in Axes
  2632 | D:4      | Found Carunuc's Jewellery Shoppe.
  2695 | D:4      | Noticed Grinder
  2698 | D:4      | Paralysed by Grinder for 6 turns
  2715 | D:4      | Killed Grinder
  2715 | D:4      | Reached skill level 9 in Axes
  2715 | D:4      | Reached XP level 6. HP: 23/51 MP: 3/3
  3296 | D:4      | Noticed Prince Ribbit
  3305 | D:4      | Killed Prince Ribbit
  3305 | D:4      | Reached skill level 10 in Axes
  3305 | D:4      | Reached XP level 7. HP: 57/57 MP: 3/3
  3626 | D:4      | Acquired Trog's third power
  3698 | D:4      | Noticed Thomus' ghost (average HOFi)
  3717 | D:4      | Killed Thomus' ghost
  3717 | D:4      | Reached skill level 11 in Axes
  3946 | D:5      | Entered Level 5 of the Dungeon
  3966 | D:5      | Found a staircase to the Ecumenical Temple.
  4014 | D:5      | Reached XP level 8. HP: 30/64 MP: 3/3
  4406 | D:5      | Found a snail-covered altar of Cheibriados.
  4408 | D:5      | Found a glowing golden altar of the Shining One.
  4467 | D:5      | Reached skill level 12 in Axes
  5261 | D:5      | Reached skill level 13 in Axes
  5691 | D:6      | Reached skill level 1 in Evocations
  5807 | D:6      | Reached XP level 9. HP: 66/72 MP: 7/7
  6109 | D:6      | Reached skill level 5 in Fighting
  6309 | D:6      | Noticed Menkaure
  6315 | D:6      | Killed Menkaure
  6790 | D:7      | Reached skill level 5 in Armour
  6894 | D:7      | Noticed Eustachio
  6906 | D:7      | Killed Eustachio
  7074 | D:7      | Noticed Pikel
  7099 | D:7      | Killed Pikel
  7707 | D:8      | Found Ciroluk's Weapon Shop.
  7754 | D:8      | Reached skill level 5 in Evocations
  7790 | D:8      | Bought a +0 battleaxe of distortion for 218 gold pieces
  7849 | D:8      | Noticed Dowan
  7853 | D:8      | Noticed Duvessa
  7858 | D:8      | Killed Duvessa
  7862 | D:8      | Killed Dowan
  7862 | D:8      | Reached XP level 10. HP: 83/83 MP: 12/12
  8695 | D:8      | Received a gift from Trog
  8905 | D:8      | Cast into the Abyss (a distortion unwield)
  9139 | Abyss:1  | Noticed a starcursed mass
  9407 | Abyss:1  | Noticed a lich
  9409 | Abyss:1  | Noticed a rust devil
  9415 | Abyss:1  | Noticed a tentacled starspawn
  9422 | Abyss:1  | Noticed a Hell Sentinel
  9424 | Abyss:1  | Slain by a tentacled starspawn

Action                   |  1- 3 |  4- 6 |  7- 9 | 10-12 || total
-------------------------+-------+-------+-------+-------++-------
Melee: Hand axe          |    78 |   108 |   374 |       ||   560
       Battleaxe         |       |       |     8 |    45 ||    53
       Executioner's axe |       |       |       |    24 ||    24
Invok: Berserk           |     1 |     4 |    10 |     4 ||    19
       Burn Spellbooks   |       |       |     1 |       ||     1
Evoke: Wand              |       |       |     5 |       ||     5
  Use: Scroll            |       |     1 |     5 |     5 ||    11
       Potion            |       |       |       |     2 ||     2
 Stab: Distracted        |       |       |     1 |       ||     1
  Eat: Chunk             |     1 |     3 |    11 |     6 ||    21
       Bread ration      |       |     2 |     2 |     1 ||     5
       Meat ration       |       |       |     1 |       ||     1
       Pizza             |       |       |       |     1 ||     1
